 Dungeon Crawl Stone Soup version 0.30-a0-390-g80c34de65d (webtiles) character file.

Game seed: 5880493758391000444

44 billz999 the Stinger (level 3, -3/25 HPs)
             Began as a Gnoll Venom Mage on Dec 5, 2022.
             Killed from afar by Natasha (9 damage)
             ... with a magic dart
             ... on level 2 of the Dungeon.
             The game lasted 00:01:54 (1244 turns).

billz999 the Stinger (Gnoll Venom Mage)             Turns: 1244, Time: 00:01:55

Health: -3/25      AC:  2    Str:  7    XL:     3   Next: 60%
Magic:  2/9        EV: 14    Int: 14    God:
Gold:   57         SH:  0    Dex: 20    Spells: 9/12 levels left

rFire   . . .      SeeInvis .    f - +0 dagger
rCold   . . .      Faith    .    (no shield)
rNeg    . . .      Spirit   .    a - +0 robe
rPois   .          Reflect  .    (no helmet)
rElec   .          Harm     .    (no cloak)
rCorr   .          Rampage  .    (no gloves)
Will    .....                    (no boots)
Stlth   +++.......               (no amulet)
HPRegen 0.24/turn                c - +6 ring of dexterity
MPRegen 0.11/turn                (no ring)

@: no status effects
A: fangs 1, strong nose, distributed training
a: no special abilities


You were on level 2 of the Dungeon.
You visited 1 branch of the dungeon, and saw 2 of its levels.

You collected 57 gold pieces.

Inventory:

Hand Weapons
 f - a +0 dagger (weapon)
Armour
 a - a +0 robe (worn)
Jewellery
 c - a +6 ring of dexterity (left hand)
Scrolls
 d - a scroll of teleportation {unknown}
 g - a scroll of summoning {unknown}
 h - a scroll of magic mapping {unknown}
Potions
 b - a potion of magic
 e - a potion of heal wounds {unknown}
 i - a potion of invisibility


   Skills:
 + Level 0.9 Fighting
 + Level 0.9 Short Blades
 + Level 0.9 Long Blades
 + Level 0.9 Axes
 + Level 0.9 Maces & Flails
 + Level 0.9 Polearms
 + Level 0.9 Staves
 + Level 0.9 Ranged Weapons
 + Level 0.9 Throwing
 + Level 0.9 Armour
 + Level 4.5 Dodging
 + Level 4.2 Stealth
 + Level 0.9 Shields
 + Level 0.9 Unarmed Combat
 + Level 5.0 Spellcasting
 + Level 0.6 Conjurations
 + Level 0.6 Hexes
 + Level 0.6 Summonings
 + Level 0.6 Necromancy
 + Level 0.6 Translocations
 + Level 2.1 Transmutations
 + Level 0.6 Fire Magic
 + Level 0.6 Ice Magic
 + Level 0.6 Air Magic
 + Level 0.6 Earth Magic
 + Level 5.4 Poison Magic
 + Level 1.0 Invocations
 + Level 0.9 Evocations


You had 9 spell levels left.
You knew the following spells:

 Your Spells              Type           Power      Damage    Failure   Level
a - Sting                 Tmut/Pois      56%        1d5       3%          1
b - Poisonous Vapours     Pois/Air       24%        N/A       8%          2

Your spell library contained the following spells:

 Spells                   Type           Power      Damage    Failure   Level
 Olgreb's Toxic Radiance  Pois           18%        N/A       19%         4
 Mephitic Cloud           Conj/Pois/Air  9%         N/A       21%         3


Dungeon Overview and Level Annotations

Branches:
Dungeon (2/15)

Altars:

Annotations:
D:2 Natasha


Innate Abilities, Weirdness & Mutations

You have very sharp teeth.
Your uncanny sense of smell can sniff out nearby items.
Your experience applies equally to all skills.


Message History

Poisonous vapours surround Natasha!
Natasha looks even sicker.
Natasha casts a spell.
You start resting.
Natasha is nearby!
Casting: Poisonous Vapours (safe; 9% risk of failure)
Confirm with . or Enter, or press ? or * to list all spells.
Aiming: Sting (safe; 3% risk of failure)
Press: ? - help, Shift-Dir - straight line, f/p - Natasha
Aim: Natasha (moderately wounded, very poisoned, 64% to hit)
The sting misses Natasha.
Natasha drinks a potion.
Natasha flickers and vanishes!
Deactivating autopickup; reactivate with Ctrl-A.
Unknown command.
Casting: Sting (safe; 3% risk of failure)
Confirm with . or Enter, or press ? or * to list all spells.
Aiming: Poisonous Vapours (safe; 9% risk of failure)
Press: ? - help, Dir - move target Poisonous vapours surround something!
You feel yourself slow down.
Unknown command.
Unknown command.
Something claws you.
You see here a +0 ring mail.
Something claws you! Something claws you.
* * * LOW HITPOINT WARNING * * *
You hit something.
Reactivating autopickup.
You feel a bit more experienced.
Your Spellcasting skill increases to level 5!
Your Invocations skill increases to level 1!
You have reached level 3!
Your experience leads to an increase in your attributes!
Your base attributes are Str 7, Int 14, Dex 12.
Increase (S)trength, (I)ntelligence, or (D)exterity?
You feel agile. x2
You start resting.
Natasha, Servant of Life and Death comes into view.
You feel yourself speed up. Natasha casts a spell at you.
The magic dart hits you!
You die...

# #.
#####.#####
........@>#
.h....#[#.#
.#### #.#.#
#.####.#.#
#....#.#.#
#....#.#.#
#......#.#
#.#....#.#
#.#.+....#.#


You could see Natasha.

Vanquished Creatures
  Natasha (D:2)
  3 bats (D:1)
  4 endoplasms (D:1)
  2 goblins
  3 hobgoblins
  2 kobolds (D:1)
  2 rats (D:1)
17 creatures vanquished.

Notes
Turn   | Place    | Note
-------+----------+-------------------------------------------
     0 | D:1      | billz999 the Gnoll Venom Mage began the quest for the Orb.
     0 | D:1      | Reached XP level 1. HP: 13/13 MP: 6/6
   260 | D:1      | Reached XP level 2. HP: 19/19 MP: 4/7
   263 | D:1      | Learned a level 2 spell: Poisonous Vapours
  1224 | D:2      | Noticed Natasha
  1234 | D:2      | Killed Natasha
  1235 | D:2      | Reached skill level 5 in Spellcasting
  1235 | D:2      | Reached skill level 1 in Invocations
  1235 | D:2      | Reached XP level 3. HP: 3/25 MP: 1/9
  1243 | D:2      | Noticed Natasha
  1244 | D:2      | Killed from afar by Natasha

Illustrated notes

Levels and vault maps discovered:
D:1:      pf_arrival_petrified_forest, layout_loops_ring
D:2:      layout_basic, uniq_natasha, uniq_robin

Skill      XL: |  1  2 |
---------------+-------+-----
Transmutations | 2 |  2.1
Spellcasting   | 5 |  5.0
Invocations    | 1 |  1.0
Fighting       | |  0.9
Short Blades   | |  0.9
Long Blades    | |  0.9
Axes           | |  0.9
Maces & Flails | |  0.9
Polearms       | |  0.9
Staves         | |  0.9
Ranged Weapons | |  0.9
Throwing       | |  0.9
Armour         | |  0.9
Dodging        | |  4.5
Stealth        | |  4.2
Shields        | |  0.9
Unarmed Combat | |  0.9
Conjurations   | |  0.6
Hexes          | |  0.6
Summonings     | |  0.6
Necromancy     | |  0.6
Translocations | |  0.6
Fire Magic     | |  0.6
Ice Magic      | |  0.6
Air Magic      | |  0.6
Earth Magic    | |  0.6
Poison Magic   | |  5.4
Evocations     | |  0.9

Action                   || total
-------------------------++-------
Melee: Unarmed           ||     3
       Bite              ||     1
       Dagger            ||     3
 Cast: Sting             ||    26
       Poisonous Vapours ||    15
Dodge: Dodged            ||     9

Table legend: (Time is in decaauts)
 A = Elapsed time spent in this place.
 B = Non-inter-level travel time spent in this place.
 C = Inter-level travel time spent in this place.
 D = Time resting spent in this place.
 E = Time spent auto-exploring this place.
 F = Levels seen in this place.
 G = Mean time per level.
                   A        B        C        D        E       F      G
               +--------+--------+--------+--------+--------+-----+--------+
         Total |   1248 |   1243 |      5 |    378 |    749 |   2 |  624.0 |
       Dungeon |   1248 |   1243 |      5 |    378 |    749 |   2 |  624.0 |
               +--------+--------+--------+--------+--------+-----+--------+

Top non-repeatable levels by time:
     D:1: 1029 daAuts
     D:2: 219 daAuts
